TOP OF THE 1ST |
Auburn Doubledays batting - Pitching for State College Spikes : RHP Frank Schulman
|
Pitching: RHP Frank Schulman
|
|
Batting: RHB Xavier Reeves
|
0-0: Called Strike 0-1: Foul Ball, location: 2F 0-2: Ball 1-2: Ball 2-2: Strikes out swinging
|
Batting: RHB Leo Gutierrez
|
0-0: Ball 1-0: Fly out, F8 (Flyball, 89M, EV 81.2 MPH)
|
Batting: SHB Ed Thorpe Jr.
|
0-0: Ball 1-0: Called Strike 1-1: Foul Ball, location: 2F 1-2: Strikes out swinging
|
Top of the 1st over - 0 runs, 0 hits, 0 errors, 0 left on base; Auburn 0 - State College 0 |
BOTTOM OF THE 1ST |
State College Spikes batting - Pitching for Auburn Doubledays : RHP Greg Hall
|
Pitching: RHP Greg Hall
|
|
Batting: RHB Robby Hickman
|
0-0: Called Strike 0-1: Ball 1-1: Swinging Strike 1-2: Strikes out swinging
|
Batting: RHB Bobby Miles
|
0-0: Called Strike 0-1: TRIPLE (Line Drive, 89XD, EV 106.2 MPH)
|
Batting: RHB Josh Broome
|
0-0: Ground out 6-3 (Groundball, 6, EV 100.0 MPH) Bobby Miles scores
|
Batting: RHB Edgar Landim
|
0-0: Ball 1-0: Ball 2-0: Ball 3-0: Called Strike 3-1: Foul Ball, location: 2F 3-2: Foul Ball, location: 2F 3-2: Strikes out looking
|
Bottom of the 1st over - 1 run, 1 hit, 0 errors, 0 left on base; Auburn 0 - State College 1 |
TOP OF THE 2ND |
Auburn Doubledays batting - Pitching for State College Spikes : RHP Frank Schulman
|
Batting: RHB Justin Davenport
|
0-0: Ball 1-0: Ball 2-0: Called Strike 2-1: Ground out 5-3 (Groundball, 56S, EV 65.0 MPH)
|
Batting: RHB Er Le
|
0-0: Foul Ball, location: 2F 0-1: Called Strike 0-2: Strikes out swinging
|
Batting: RHB Lamar Thornton
|
0-0: Ball 1-0: Foul Ball, location: 2F 1-1: Ball 2-1: Foul Ball, location: 2F 2-2: Foul Ball, location: 2F 2-2: Ball 3-2: Ground out 4-3 (Groundball, 4M, EV 84.4 MPH)
|
Top of the 2nd over - 0 runs, 0 hits, 0 errors, 0 left on base; Auburn 0 - State College 1 |
BOTTOM OF THE 2ND |
State College Spikes batting - Pitching for Auburn Doubledays : RHP Greg Hall
|
Batting: RHB Kyle Burns
|
0-0: Foul Ball, location: 2F 0-1: Ball 1-1: Swinging Strike 1-2: Strikes out looking
|
Batting: LHB Keith Rice
|
0-0: Called Strike 0-1: Ball 1-1: Foul Ball, location: 2F 1-2: Ball 2-2: Reached on error, E4 (Groundball, 4, EV 106.9 MPH)
|
Batting: RHB Alex Melgoza
|
0-0: Ball 1-0: Grounds into double play, 6-4-3 (Groundball, 6, EV 100.0 MPH)
|
Bottom of the 2nd over - 0 runs, 0 hits, 1 error, 0 left on base; Auburn 0 - State College 1 |
TOP OF THE 3RD |
Auburn Doubledays batting - Pitching for State College Spikes : RHP Frank Schulman
|
Batting: RHB Taffounnout Kame
|
0-0: Called Strike 0-1: Called Strike 0-2: Ball 1-2: Foul Ball, location: 2F 1-2: Ball 2-2: Ball 3-2: Ground out 6-3 (Groundball, 6, EV 86.9 MPH)
|
Batting: LHB Adam Jacobs
|
0-0: Called Strike 0-1: Swinging Strike 0-2: Ball 1-2: Ball 2-2: Ball 3-2: Foul Ball, location: 2F 3-2: Base on Balls
|
Batting: RHB Scott Skoglund
|
0-0: Ball 1-0: Foul Ball, location: 2F 1-1: Ball 2-1: SINGLE (Groundball, 56D, EV 94.4 MPH) Adam Jacobs to second
|
Batting: RHB Xavier Reeves
|
0-0: Ball 1-0: Called Strike 1-1: Ball 2-1: Ball 3-1: Foul Ball, location: 2F 3-2: Strikes out swinging
|
Batting: RHB Leo Gutierrez
|
0-0: Called Strike 0-1: Swinging Strike 0-2: Ball 1-2: Foul Ball, location: 2F 1-2: Foul Ball, location: 2F 1-2: Foul Ball, location: 2F 1-2: Strikes out swinging
|
Top of the 3rd over - 0 runs, 1 hit, 0 errors, 2 left on base; Auburn 0 - State College 1 |
BOTTOM OF THE 3RD |
State College Spikes batting - Pitching for Auburn Doubledays : RHP Greg Hall
|
Batting: RHB Richard Riggs
|
0-0: Ball 1-0: Foul Ball, location: 2F 1-1: Swinging Strike 1-2: Ground out 6-3 (Groundball, 6, EV 79.4 MPH)
|
Batting: RHB Ben Politi
|
0-0: Called Strike 0-1: Ball 1-1: Ball 2-1: Ground out 6-3 (Groundball, 6, EV 90.6 MPH)
|
Batting: RHB Robby Hickman
|
0-0: Ground out 4-3 (Groundball, 34D, EV 88.8 MPH)
|
Bottom of the 3rd over - 0 runs, 0 hits, 0 errors, 0 left on base; Auburn 0 - State College 1 |
TOP OF THE 4TH |
Auburn Doubledays batting - Pitching for State College Spikes : RHP Frank Schulman
|
Batting: SHB Ed Thorpe Jr.
|
0-0: Ball 1-0: Ball 2-0: Ball 3-0: Called Strike 3-1: Swinging Strike 3-2: DOUBLE (Flyball, 78XD, EV 108.1 MPH)
|
Batting: RHB Justin Davenport
|
0-0: Ball 1-0: Fly out, F8 (Flyball, 8RM, EV 86.2 MPH)
|
Batting: RHB Er Le
|
0-0: Called Strike 0-1: Foul Ball, location: 2F 0-2: Strikes out swinging
|
Batting: RHB Lamar Thornton
|
0-0: Ball 1-0: Ball 2-0: Ball 3-0: Called Strike 3-1: Called Strike 3-2: Base on Balls
|
Batting: RHB Taffounnout Kame
|
0-0: Swinging Strike 0-1: Swinging Strike 0-2: Strikes out swinging
|
Top of the 4th over - 0 runs, 1 hit, 0 errors, 2 left on base; Auburn 0 - State College 1 |
BOTTOM OF THE 4TH |
State College Spikes batting - Pitching for Auburn Doubledays : RHP Greg Hall
|
Batting: RHB Bobby Miles
|
0-0: Foul Ball, location: 2F 0-1: TRIPLE (Flyball, 7D, EV 111.2 MPH)
|
Batting: RHB Josh Broome
|
0-0: Called Strike 0-1: Foul Ball, location: 2F 0-2: Fly out, F8 (Flyball, 8RD, EV 93.8 MPH)
|
Batting: RHB Edgar Landim
|
0-0: Called Strike 0-1: Ground out 5-3 (Groundball, 5S, EV 80.6 MPH)
|
Batting: RHB Kyle Burns
|
0-0: Ball 1-0: SINGLE (Line Drive, 8RS, EV 96.9 MPH) Bobby Miles scores
|
Batting: LHB Keith Rice
|
0-0: Ball 1-0: Called Strike 1-1: Fly out, F6 (Line Drive, 6, EV 64.4 MPH)
|
Bottom of the 4th over - 1 run, 2 hits, 0 errors, 1 left on base; Auburn 0 - State College 2 |
TOP OF THE 5TH |
Auburn Doubledays batting - Pitching for State College Spikes : RHP Frank Schulman
|
Batting: LHB Adam Jacobs
|
0-0: Called Strike 0-1: Ball 1-1: Foul Ball, location: 2F 1-2: Foul Ball, location: 2F 1-2: Ground out 4-3 (Groundball, 4, EV 90.6 MPH)
|
Batting: RHB Scott Skoglund
|
0-0: Ball 1-0: Ball 2-0: Called Strike 2-1: Foul Ball, location: 2F 2-2: Fly out, F8 (Flyball, 8LS, EV 74.4 MPH)
|
Batting: RHB Xavier Reeves
|
0-0: Called Strike 0-1: Swinging Strike 0-2: Strikes out looking
|
Top of the 5th over - 0 runs, 0 hits, 0 errors, 0 left on base; Auburn 0 - State College 2 |
BOTTOM OF THE 5TH |
State College Spikes batting - Pitching for Auburn Doubledays : RHP Greg Hall
|
Batting: RHB Alex Melgoza
|
0-0: Called Strike 0-1: Ball 1-1: TRIPLE (Flyball, 9LD, EV 109.4 MPH)
|
Batting: RHB Richard Riggs
|
0-0: Ball 1-0: Called Strike 1-1: SINGLE (Groundball, 34, EV 108.8 MPH) Alex Melgoza scores
|
Batting: RHB Ben Politi
|
0-0: Fielders Choice at 2nd, 5-4 (Groundball, 56S, EV 88.8 MPH)
|
Batting: RHB Robby Hickman
|
0-0: Fly out, F2 (Popup, 15S, EV 87.5 MPH)
|
Batting: RHB Bobby Miles
|
0-0: Ball 1-0: Ball 2-0: Ball Ben Politi steals 2nd base 3-0: Called Strike 3-1: Foul Ball, location: 2F 3-2: Strikes out swinging
|
Bottom of the 5th over - 1 run, 2 hits, 0 errors, 1 left on base; Auburn 0 - State College 3 |
TOP OF THE 6TH |
Auburn Doubledays batting - Pitching for State College Spikes : RHP Frank Schulman
|
Batting: RHB Leo Gutierrez
|
0-0: Ball 1-0: SINGLE (Groundball, 56, EV 92.5 MPH) (infield hit)
|
Batting: SHB Ed Thorpe Jr.
|
0-0: Ball 1-0: Foul Ball, location: 2F 1-1: Foul Ball, location: 2F 1-2: Strikes out swinging
|
Batting: RHB Justin Davenport
|
0-0: Fly out, F7 (Flyball, 7D, EV 105.0 MPH)
|
Batting: RHB Er Le
|
0-0: Ball 1-0: Foul Ball, location: 2F 1-1: Ground out 1-3 (Groundball, 15S, EV 62.5 MPH)
|
Top of the 6th over - 0 runs, 1 hit, 0 errors, 1 left on base; Auburn 0 - State College 3 |
BOTTOM OF THE 6TH |
State College Spikes batting - Pitching for Auburn Doubledays : RHP Greg Hall
|
Batting: RHB Josh Broome
|
0-0: Called Strike 0-1: Ground out 5-3 (Groundball, 56S, EV 79.4 MPH)
|
Batting: RHB Edgar Landim
|
0-0: Called Strike 0-1: Ball 1-1: Called Strike 1-2: Ball 2-2: Ball 3-2: Strikes out swinging
|
Batting: RHB Kyle Burns
|
0-0: Ball 1-0: Called Strike 1-1: Ball 2-1: Ball 3-1: Called Strike 3-2: Fly out, F8 (Flyball, 89D, EV 88.8 MPH)
|
Bottom of the 6th over - 0 runs, 0 hits, 0 errors, 0 left on base; Auburn 0 - State College 3 |
TOP OF THE 7TH |
Auburn Doubledays batting - Pitching for State College Spikes : RHP Frank Schulman
|
Pitching: LHP Paul Fuller
|
|
Batting: RHB Lamar Thornton
|
0-0: Ball 1-0: Ball 2-0: Called Strike 2-1: Ball 3-1: Swinging Strike 3-2: Strikes out swinging
|
Batting: RHB Taffounnout Kame
|
0-0: Ball 1-0: DOUBLE (Flyball, 78D, EV 110.0 MPH)
|
Batting: LHB Adam Jacobs
|
0-0: Ball Taffounnout Kame steals 3rd base 1-0: Called Strike 1-1: Ball 2-1: Ball Wild Pitch! Taffounnout Kame scores 3-1: Base on Balls
|
Batting: RHB Scott Skoglund
|
0-0: Ball 1-0: Called Strike 1-1: Ball 2-1: Foul Ball, location: 2F 2-2: Strikes out swinging
|
Batting: RHB Xavier Reeves
|
0-0: Swinging Strike 0-1: Foul Ball, location: 2F 0-2: Strikes out swinging
|
Top of the 7th over - 1 run, 1 hit, 0 errors, 1 left on base; Auburn 1 - State College 3 |
BOTTOM OF THE 7TH |
State College Spikes batting - Pitching for Auburn Doubledays : RHP Greg Hall
|
Batting: LHB Keith Rice
|
0-0: Called Strike 0-1: Ball 1-1: Foul Ball, location: 2F 1-2: Ground out 1-3 (Groundball, 15S, EV 75.6 MPH)
|
Batting: RHB Alex Melgoza
|
0-0: Swinging Strike 0-1: Foul Ball, location: 2F 0-2: SINGLE (Groundball, 6MD, EV 108.8 MPH)
|
Pitching: RHP Steve Barnes
|
|
Batting: RHB Richard Riggs
|
0-0: Ball 1-0: Fly out, F4 (Popup, 4M, EV 62.5 MPH)
|
Batting: RHB Ben Politi
|
0-0: Fly out, F9 (Flyball, 89D, EV 98.1 MPH)
|
Bottom of the 7th over - 0 runs, 1 hit, 0 errors, 1 left on base; Auburn 1 - State College 3 |
TOP OF THE 8TH |
Auburn Doubledays batting - Pitching for State College Spikes : LHP Paul Fuller
|
Batting: RHB Leo Gutierrez
|
0-0: Ball 1-0: Ground out U3 (Groundball, 3L, EV 83.1 MPH)
|
Batting: SHB Ed Thorpe Jr.
|
0-0: Swinging Strike 0-1: Swinging Strike 0-2: Strikes out swinging
|
Batting: RHB Justin Davenport
|
0-0: Called Strike 0-1: Foul Ball, location: 2F 0-2: Foul Ball, location: 2F 0-2: Ball 1-2: Strikes out swinging
|
Top of the 8th over - 0 runs, 0 hits, 0 errors, 0 left on base; Auburn 1 - State College 3 |
BOTTOM OF THE 8TH |
State College Spikes batting - Pitching for Auburn Doubledays : RHP Steve Barnes
|
Batting: RHB Robby Hickman
|
0-0: Ball 1-0: Called Strike 1-1: Ball 2-1: Called Strike 2-2: Foul Ball, location: 2F 2-2: Strikes out swinging
|
Batting: RHB Bobby Miles
|
0-0: Ball 1-0: Ball 2-0: Ball 3-0: Swinging Strike 3-1: Fly out, F9 (Flyball, 89M, EV 86.9 MPH)
|
Batting: RHB Josh Broome
|
0-0: Called Strike 0-1: Ball 1-1: Ball 2-1: Foul Ball, location: 2F 2-2: Ground out 4-3 (Groundball, 4, EV 109.4 MPH)
|
Bottom of the 8th over - 0 runs, 0 hits, 0 errors, 0 left on base; Auburn 1 - State College 3 |
TOP OF THE 9TH |
Auburn Doubledays batting - Pitching for State College Spikes : LHP Paul Fuller
|
Pitching: LHP Nick Suggett
|
|
Now in LF: Hank Arias
|
|
Batting: RHB Er Le
|
0-0: Ball 1-0: Foul Ball, location: 2F 1-1: Ground out 6-3 (Groundball, 6, EV 85.6 MPH)
|
Batting: RHB Lamar Thornton
|
0-0: Foul Ball, location: 2F 0-1: Ball 1-1: Ball 2-1: Ground out 5-3 (Groundball, 5, EV 83.8 MPH)
|
Batting: RHB Taffounnout Kame
|
0-0: Ball 1-0: Ball 2-0: SINGLE (Groundball, 6MD, EV 105.6 MPH)
|
Batting: LHB Adam Jacobs
|
0-0: Called Strike 0-1: Hit by Pitch Taffounnout Kame to second
|
Batting: RHB Scott Skoglund
|
0-0: Foul Ball, location: 2F 0-1: Called Strike 0-2: Ball Wild Pitch! Taffounnout Kame to third Adam Jacobs to second 1-2: Strikes out swinging
|
Top of the 9th over - 0 runs, 1 hit, 0 errors, 2 left on base; Auburn 1 - State College 3 |
|